 Dungeon Crawl Stone Soup version 0.23.2-1-ga50397a6bc (webtiles) character file.

Game seed: 9403266122663228769

102 Foic the Magician (level 4, -2/24 HPs)
             Began as a Deep Elf Wizard on May 24, 2019.
             Was an Initiate of Vehumet.
             Killed from afar by an orc wizard (8 damage)
             ... with a puff of flame
             ... on level 3 of the Dungeon.
             The game lasted 00:10:36 (3173 turns).

Foic the Magician (Deep Elf Wizard)                 Turns: 3173, Time: 00:10:37

Health: -2/24      AC:  4    Str:  4    XL:     4   Next: 49%
Magic:  13/14      EV: 13    Int: 24    God:    Vehumet [......]
Gold:   136        SH:  0    Dex: 13    Spells: 5/15 levels left

rFire    . . .     SeeInvis .   (no weapon)
rCold    + . .     Gourm    .   (no shield)
rNeg     . . .     Faith    .   a - +0 robe
rPois    .         Spirit   .   b - +0 hat
rElec    .         Reflect  .   h - +0 cloak
rCorr    .         Harm     .   c - +0 pair of gloves
MR       .....                  (no boots)
Stlth    +.........             (no amulet)
HPRegen  0.08/turn              n - ring of protection from cold
MPRegen  0.14/turn              (no ring)

@: confused
A: no striking features
a: Renounce Religion


You were on level 3 of the Dungeon.
You worshipped Vehumet.
Vehumet was noncommittal.
You were not hungry.

You visited 1 branch of the dungeon, and saw 3 of its levels.

You collected 136 gold pieces.

Inventory:

Hand Weapons
 t - a +1 short sword of venom
Missiles
 o - 33 arrows
Armour
 a - a +0 robe (worn)
 b - a +0 hat (worn)
 c - a +0 pair of gloves (worn)
 h - a +0 cloak (worn)
 s - a cursed +0 leather armour
Jewellery
 n - a ring of protection from cold (left hand)
 q - a +4 ring of dexterity {unknown}
 v - a +4 amulet of reflection
Scrolls
 k - 2 scrolls of teleportation
 x - a scroll of blinking {unknown}
 y - a scroll of remove curse {unknown}
Potions
 e - a potion of invisibility {unknown}
 f - a potion of ambrosia {unknown}
 g - a potion of cancellation {unknown}
 i - 2 potions of haste {unknown}
 j - a potion of lignification {unknown}
 l - a potion of heal wounds {unknown}
 m - 2 potions of might {unknown}
 p - a potion of flight {unknown}
 u - a potion of curing {unknown}
 w - a potion of degeneration {unknown}
Comestibles
 d - 7 rations
 r - 2 chunks of flesh


   Skills:
 * Level 3.0 Dodging
 + Level 2.5 Stealth
 * Level 6.4 Spellcasting
 + Level 2.3 Conjurations
 + Level 0.1 Hexes
 + Level 1.1 Summonings
 + Level 1.1 Translocations


You had 5 spell levels left.
You knew the following spells:

 Your Spells              Type           Power        Failure   Level  Hunger
a - Magic Dart            Conj           ###.         3%          1    None
b - Blink                 Tloc           N/A          8%          2    None
c - Call Imp              Summ           ##......     8%          2    None
d - Slow                  Hex            #.......     11%         2    None
e - Conjure Flame         Conj/Fire      ##......     14%         3    None

Your spell library contained the following spells:

 Spells                   Type           Power        Failure   Level  Hunger
 Mephitic Cloud           Conj/Pois/Air  ##......     17%         3    None


Dungeon Overview and Level Annotations

Branches:
Dungeon (3/15)

Altars:
Fedhas
Kikubaaqudgha
Nemelex Xobeh
Vehumet
The Shining One


Message History

[Y]es or [N]o only, please.
Are you sure you want to stumble around while confused and next to your iron imp?
You closely miss the orc wizard. The orc wizard casts a spell at you.
You are more confused.
Are you sure you want to stumble around while confused and next to your iron imp?
The orc wizard points at you and mumbles some strange words.
The magic dart hits you!
Are you sure you want to stumble around while confused and next to your iron imp?
You bump into the rock wall.
A worm comes into view.
The orc wizard closely misses you.
There are monsters nearby!
Unknown command.
Are you sure you want to stumble around while confused and next to your iron imp?
You hit your iron imp but do no damage. The iron imp hits you!
* * * LOW HITPOINT WARNING * * *
The orc wizard points at you and mumbles some strange words.
The puff of flame hits you!
You die...

..# # #.## #.#
####
#....####.###
##...
#....#...##
#..##
####)>.รท..###
##.##.
##..)#####...##
#..##.
##......#
##...####.###.
#....##5#
#........(...
###########o@#
####.......##
#...# #....#
#...#.#.# #.###
..'....#
#...#.#.## ##.#
....##..##
#.#...#... #..#
#..# ###w
#.##...### #.##
#'# #
##.##.#..# #.#
.# #.....##.#
#.# #...####.#
#.# ###.####.#


You could see a worm, an iron imp and an orc wizard.

Vanquished Creatures
  3 adders (D:3)
  2 worms (D:3)
  3 dart slugs
  A leopard gecko (D:3)
  An orc (D:2)
  11 bats
  4 giant cockroaches
  3 hobgoblins
  6 kobolds
  2 frilled lizards (D:2)
  5 goblins
  3 rats
44 creatures vanquished.

Vanquished Creatures (collateral kills)
  2 adders
  3 orcs
  A giant cockroach (D:2)
  A hobgoblin (D:2)
7 creatures vanquished.

Grand Total: 51 creatures vanquished

Notes
Turn   | Place    | Note
-------+----------+-------------------------------------------
     0 | D:1      | Foic the Deep Elf Wizard began the quest for the Orb.
     0 | D:1      | Reached XP level 1. HP: 10/10 MP: 7/7
   182 | D:1      | Reached skill level 5 in Spellcasting
   287 | D:1      | Reached XP level 2. HP: 15/15 MP: 8/10
   291 | D:1      | Learned a level 2 spell: Blink
   294 | D:1      | Learned a level 2 spell: Call Imp
   297 | D:1      | Learned a level 2 spell: Slow
  1113 | D:2      | Reached XP level 3. HP: 19/19 MP: 10/12
  1138 | D:2      | Learned a level 3 spell: Conjure Flame
  1279 | D:2      | Found a glowing golden altar of the Shining One.
  1341 | D:2      | Found a sparkling altar of Nemelex Xobeh.
  1993 | D:3      | Found an ancient bone altar of Kikubaaqudgha.
  1993 | D:3      | Found a radiant altar of Vehumet.
  2001 | D:3      | Became a worshipper of Vehumet
  2050 | D:3      | Reached skill level 6 in Spellcasting
  2407 | D:3      | Reached XP level 4. HP: 24/24 MP: 9/14
  2961 | D:3      | Found a blossoming altar of Fedhas.
  3173 | D:3      | Killed from afar by an orc wizard

Skill      XL: |  1  2  3  4 |
---------------+-------------+-----
Spellcasting   | 5 6 |  6.4
Dodging        | 3 |  3.0
Conjurations   | 2 |  2.3
Stealth        | |  2.5
Hexes          | |  0.1
Summonings     | |  1.1
Translocations | |  1.1

Action                   |  1- 3 |  4- 6 || total
-------------------------+-------+-------++-------
Melee: Unarmed           |       |     2 ||     2
 Cast: Magic Dart        |    96 |    39 ||   135
       Call Imp          |     6 |     6 ||    12
       Slow              |     2 |     1 ||     3
       Blink             |     2 |     4 ||     6
       Conjure Flame     |     1 |       ||     1
  Use: Scroll            |     3 |       ||     3
  Eat: Chunk             |     4 |     3 ||     7
Armor: Robe              |     4 |     2 ||     6
Dodge: Dodged            |    15 |     6 ||    21
